 Dungeon Crawl Stone Soup version 0.27.1-34-g3ba077fa99 (webtiles) character file.

Game seed: 4233255327662691261

56 pkoi the Ruffian (level 3, 0/28 HPs)
             Began as a Draconian Artificer on Jan 13, 2022.
             Succumbed to a goblin's poison
             ... on level 2 of the Dungeon.
             The game lasted 00:01:50 (2759 turns).

pkoi the Ruffian (Draconian Artificer)              Turns: 2759, Time: 00:01:51

Health: 0/28       AC:  5    Str: 14    XL:     3   Next: 69%
Magic:  3/3        EV: 12    Int: 12    God:
Gold:   27         SH:  0    Dex: 11    Spells: 2/2 levels left

rFire    . . .     SeeInvis .   a - +0 club
rCold    . . .     Faith    .   (no shield)
rNeg     . . .     Spirit   .   (armour unavailable)
rPois    .         Reflect  .   (helmet restricted)
rElec    .         Harm     .   (no cloak)
rCorr    .         Rampage  .   (no gloves)
Will     .....                  (no boots)
Stlth    +.........             (no amulet)
HPRegen  0.09/turn              (no ring)
MPRegen  0.08/turn              (no ring)

@: lethally poisoned (0 -> -18)
A: AC +5, unfitting armour, cold-blooded
a: no special abilities


You were on level 2 of the Dungeon.
You visited 1 branch of the dungeon, and saw 2 of its levels.

You collected 27 gold pieces.

Inventory:

Hand Weapons
 a - a +0 club (weapon)
Missiles
 f - 15 poisoned darts
Jewellery
 k - a ring of fire
Wands
 b - a wand of flame (10) (quivered)
 c - a wand of charming (14)
Scrolls
 g - 2 scrolls of teleportation {unknown}
 h - a scroll of magic mapping {unknown}
 j - a scroll of identify {unknown}
Potions
 e - a potion of ambrosia {unknown}
 i - a potion of lignification {unknown}
Miscellaneous
 d - a piece from Xom's chessboard (15/15)


   Skills:
 - Level 1.1 Fighting
 - Level 2.1 Dodging
 - Level 0.8 Stealth
 + Level 3.4 Unarmed Combat
 - Level 3.0 Evocations


You had 2 spell levels left.
You didn't know any spells.
Your spell library was empty.

Dungeon Overview and Level Annotations

Branches:
Dungeon (2/15)

Altars:


Innate Abilities, Weirdness & Mutations

Your plain brown scales are hard. (AC +5)
You cannot fit into any form of body armour.
You are cold-blooded and may be slowed by cold attacks.


Message History

Aim: an adder (heavily wounded, 53% to hit)
The puff of flame hits the adder!
You kill the adder!
You feel sick.
You start resting.
You feel sick.
You are no longer poisoned.
You start resting.
A rat comes into view.
A rat is nearby!
A rat is nearby!
A rat is nearby!
You start resting.
A goblin comes into view.
It is wielding a +0 club and quivering poisoned darts.
A goblin is nearby!
The goblin shouts!
A quokka comes into view.
The goblin throws a poisoned dart.
The poisoned dart hits you!
You are lethally poisoned!
* * * LOW HITPOINT WARNING * * *
You feel very sick.
Aiming: Throw Flame
Press: ? - help, Shift-Dir - straight line, f - goblin
Aim: a goblin, wielding a +0 club and quivering poisoned darts (64% to hit)
The puff of flame misses the goblin.
* * * LOW HITPOINT WARNING * * *
You feel sick.
Unknown command.
Aiming: Throw Flame
Press: ? - help, Shift-Dir - straight line, f/p - goblin
Aim: a goblin, wielding a +0 club and quivering poisoned darts (64% to hit)
The puff of flame misses the goblin.
* * * LOW HITPOINT WARNING * * *
You feel sick.
The goblin throws a poisoned dart.
The poisoned dart hits you!
You are more poisoned.
Aiming: Throw Flame
Press: ? - help, Shift-Dir - straight line, f/p - goblin
Aim: a goblin, wielding a +0 club and quivering poisoned darts (64% to hit)
The puff of flame hits the goblin!
You kill the goblin!
You die...

#.........######..##
#..................###
#.......#########...).
#........## #.####
###.##.#..# #.# ##
...##.##.# #.###( # .##
#..##.# #####.##.. ###.
#.###.# ..........
#..r######@# #.# ####....#
#...)......# #.# ###...##
#..r.......# #.#. #.....#
..###...##.# #.....#...###
##.....# #.. #.....#
#.##...# #...#.####
#.####...#......#.##..
#.....†......#......#..<.#
####......................


You could see a quokka.

Vanquished Creatures
  An adder (D:2)
  2 worms (D:2)
  A dart slug (D:1)
  2 bats (D:1)
  3 endoplasms (D:1)
  2 giant cockroaches
  4 goblins
  3 hobgoblins (D:1)
  3 jackals (D:1)
  4 kobolds
  A quokka (D:2)
  4 ball pythons (D:1)
  A frilled lizard (D:1)
  2 rats (D:1)
33 creatures vanquished.

Vanquished Creatures (others)
  A gnoll (D:1)
  2 fungi (D:2)
  4 plants (D:2)
7 creatures vanquished.

Grand Total: 40 creatures vanquished

Notes
Turn   | Place    | Note
-------+----------+-------------------------------------------
     0 | D:1      | pkoi the Draconian Artificer began the quest for the Orb.
     0 | D:1      | Reached XP level 1. HP: 16/16 MP: 1/1
   400 | D:1      | Reached skill level 1 in Unarmed Combat
   529 | D:1      | Reached XP level 2. HP: 11/23 MP: 2/2
  1219 | D:1      | Reached XP level 3. HP: 10/28 MP: 3/3
  1886 | D:2      | HP: 1/28 [worm (5)]
  2759 | D:2      | Succumbed to a goblin's poison

Illustrated notes

Levels and vault maps discovered:
D:1:      saegor_arrival_simple_e, layout_basic
D:2:      layout_rooms, serial_forest, infiniplex_forest_straight_4,
          infiniplex_forest_lined_corner, infiniplex_forest_end_2,
          infiniplex_forest_pool, infiniplex_forest_lined_1,
          infiniplex_forest_corner_1, infiniplex_forest_clump_small,
          infiniplex_forest_end_double, eino_tiny_chamber,
          uniq_crazy_yiuf_cottage

Skill      XL: |  1  2  3 |
---------------+----------+-----
Unarmed Combat | 1 2 3 |  3.4
Fighting       | |  1.1
Dodging        | |  2.1
Stealth        | |  0.8
Evocations     | |  3.0

Action                   || total
-------------------------++-------
Melee: Club              ||   166
       Tailslap          ||    19
       Punch             ||     1
Evoke: Wand              ||     6
Armor: Skin              ||    62
Dodge: Dodged            ||   121
